AoeStats
← Shiro

Arabia

503804351Analyzed
1v1 RM · 28d ago on Sep 2, 2026· 34m 39s· 2 players
Game mode
Random Map
Map size
Tiny (2 player)
Population
200
Speed
Normal
Resources
Standard
Victory
Conquest
Starting age
Dark Age
Ending age
Imperial Age
RankedLock teamsTeams togetherTeam positionsShared explorationLock speedFull tech treeHidden civsTurbo modeCheats
Victory
Defeat
🇮🇳 Mongols · India
800
+17
🇫🇷 Vikings · France
811
-17
Shiro
7:03 Loom
10:18 Feudal Age
11:14 Double-Bit Axe
11:31 Man-at-Arms
14:58 Wheelbarrow
17:05 Town Watch
25:47 Castle Age
25:24 Fletching
25:35 Padded Archer Armor
25:43 Scale Mail Armor
26:52 Horse Collar
27:32 Bodkin Arrow
27:52 Leather Archer Armor
28:21 Stone Mining
29:18 Town Patrol
30:38 Elite Skirmisher
33:44 Gold Mining
El_Loco_M
4:51 Loom
11:00 Feudal Age
11:37 Man-at-Arms
12:43 Double-Bit Axe
13:38 Scale Mail Armor
19:25 Fletching
22:54 Horse Collar
27:08 Castle Age
25:42 Gold Mining
25:43 Stone Mining
27:32 Crossbowman
29:37 Bodkin Arrow
29:42 Town Watch
30:55 Elite Skirmisher
Connection lost

Rejoining the realm…

Still unreachable

The connection could not be restored.

Session expired

The server has moved on; the page needs a fresh start.